 Dungeon Crawl Stone Soup version 0.25-a0-992-gca090100c3 (webtiles) character file.

Game seed: 2514035702967045173, levelgen mode: deterministic

1309 Flugslaktarn the Cleaver (level 8, -4/71 HPs)
             Began as a Minotaur Fighter on May 10, 2020.
             Was an Initiate of Makhleb.
             Slain by a hornet (11 damage)
             ... on level 7 of the Dungeon.
             The game lasted 00:01:46 (3038 turns).

Flugslaktarn the Cleaver (Minotaur Fighter)         Turns: 3038, Time: 00:01:47

Health: -4/71      AC: 12    Str: 21    XL:     8   Next: 32%
Magic:  7/7        EV:  6    Int:  5    God:    Makhleb [......]
Gold:   247        SH: 11    Dex: 14    Spells: 7/7 levels left

rFire    . . .     SeeInvis .   u - +0 hand axe (elec)
rCold    . . .     Gourm    .   c - +0 kite shield
rNeg     . . .     Faith    .   n - +0 chain mail
rPois    .         Spirit   .   (helmet restricted)
rElec    .         Reflect  .   i - +0 cloak
rCorr    .         Harm     .   p - +0 pair of gloves
MR       .....                  (no boots)
Stlth    ..........             (no amulet)
HPRegen  0.21/turn              (no ring)
MPRegen  0.10/turn              (no ring)

@: lethally poisoned (-4 -> -17), slowed, very slow
A: retaliatory headbutt, horns 2, talons 1, agile 1, MP-powered wands
a: Renounce Religion


You were on level 7 of the Dungeon.
You worshipped Makhleb.
Makhleb was noncommittal.
You were not hungry.

You visited 2 branches of the dungeon, and saw 8 of its levels.

You collected 247 gold pieces.

Inventory:

Hand Weapons
 a - a +0 war axe
 u - a +0 hand axe of electrocution (weapon)
   (You took it off an orc on level 5 of the Dungeon)
Missiles
 l - a throwing net (quivered)
Armour
 b - a +0 scale mail
 c - a +0 kite shield (worn)
 i - a +0 cloak (worn)
   (You found it on level 1 of the Dungeon)
 n - a +0 chain mail (worn)
   (You took it off an orc on level 4 of the Dungeon)
 p - a +0 pair of gloves (worn)
   (You found it on level 4 of the Dungeon)
Jewellery
 j - an uncursed ring of magical power {unknown}
   (You found it on level 2 of the Dungeon)
 x - an uncursed ring of protection from magic {unknown}
   (You found it on level 6 of the Dungeon)
Scrolls
 f - a scroll of amnesia {unknown}
 k - 3 scrolls of remove curse {unknown}
 m - 6 scrolls of identify {unknown}
 o - a scroll of enchant armour {unknown}
 s - a scroll of fear {unknown}
 t - a scroll of teleportation {unknown}
 w - a scroll of noise {unknown}
 y - 2 scrolls of vulnerability {unknown}
 z - 2 scrolls of enchant weapon {unknown}
 B - a scroll of random uselessness {unknown}
Potions
 d - a potion of might
 g - a potion of mutation
 h - a potion of curing {unknown}
 q - a potion of invisibility {unknown}
 r - 3 potions of lignification {unknown}
 v - a potion of magic {unknown}
 A - a potion of heal wounds {unknown}
Comestibles
 e - 6 rations


   Skills:
 + Level 6.5 Fighting
 * Level 8.0 Axes
 + Level 6.4 Armour
 + Level 6.4 Shields
 + Level 0.8 Invocations


You had 7 spell levels left.
You didn't know any spells.
Your spell library was empty.

Dungeon Overview and Level Annotations

Branches:
Dungeon (7/15)             Temple (1/1) D:6

Altars:
Cheibriados
Fedhas
Hepliaklqana
Kikubaaqudgha
Makhleb
Nemelex Xobeh
Okawaru
Qazlal
Ru
Sif Muna
Trog
Uskayaw
Vehumet
Wu Jian
Zin
The Shining One

Annotations:
D:5 3 runed translucent doors, Flugslaktarn's ghost, amateur MiFi; Insin's ghost, novice DDFi


Innate Abilities, Weirdness & Mutations

You reflexively headbutt those who attack you in melee.
You have a pair of horns on your head.
You have sharp toenails.
You are agile. (Dex +2)
You expend magic power (3 MP) to strengthen your wands.


Message History

You are too injured to fight recklessly!
You are too injured to fight recklessly!
A hornet is nearby!
Unknown command.
You hit the hornet.
The hornet is moderately wounded.
* * * LOW HITPOINT WARNING * * *
You feel very sick. The hornet stings you.
* * * LOW HITPOINT WARNING * * *
You feel as though you will be slow longer.
The hornet stings you.
* * * LOW HITPOINT WARNING * * *
You feel as though you will be slow longer.
It was a potion of mutation.
You feel extremely strange.
You feel your magical essence link to the dungeon's wands.
You feel agile.
Your toenails lengthen and sharpen.
* * * LOW HITPOINT WARNING * * *
You feel sick. You block the hornet's attack. The hornet stings you!
You die...

... .... ..... # .....
#.####..... #..##.#.....#
......y.....# #@....# ###
..# #.....# #.....#.##..#
##....# #.....#.....
#....# #.....#.... #....#
#.....#... #....#
#.....+.. #....#
#.....#'#########....###
....)....................


You could see a hornet.

Vanquished Creatures
  A phantom (D:4)
  An ice beast (D:5)
  A centaur (D:6)
  A water moccasin skeleton (D:4)
  A wyvern skeleton (D:7)
  A howler monkey (D:5)
  2 bullfrog zombies
  2 crimson imps (D:5)
  A jelly (D:5)
  2 orc priests (D:5)
  A bullfrog skeleton (D:6)
  A hound (D:5)
  5 orc wizards
  7 iguanas
  A worker ant (D:4)
  2 hound zombies
  A worker ant zombie (D:5)
  12 gnolls
  3 adders (D:5)
  A shadow imp (D:6)
  4 oozes
  An adder skeleton (D:5)
  2 worms
  A dart slug (D:1)
  2 leopard geckos
  18 orcs
  A ball python (D:2)
  2 giant cockroaches
  A goblin (D:3)
  3 hobgoblins
  7 jackals (D:4)
  4 quokkas
  2 bats (D:2)
  A frilled lizard (D:4)
  3 rats
99 creatures vanquished.

Notes
Turn   | Place    | Note
-------+----------+-------------------------------------------
     0 | D:1      | Flugslaktarn the Minotaur Fighter began the quest for the
                  | Orb.
     0 | D:1      | Reached XP level 1. HP: 19/19 MP: 0/0
    93 | D:1      | Reached XP level 2. HP: 27/27 MP: 1/1
   132 | D:1      | Reached skill level 3 in Axes
   256 | D:2      | Reached XP level 3. HP: 13/33 MP: 2/2
   446 | D:3      | Reached XP level 4. HP: 37/40 MP: 3/3
   452 | D:3      | Reached skill level 4 in Axes
   765 | D:4      | Reached XP level 5. HP: 42/47 MP: 4/4
   899 | D:4      | Noticed a phantom
   907 | D:4      | Reached skill level 5 in Axes
   930 | D:4      | Reached XP level 6. HP: 27/55 MP: 5/5
   939 | D:4      | Reached skill level 5 in Fighting
   939 | D:4      | Reached skill level 5 in Armour
   939 | D:4      | Reached skill level 5 in Shields
  1451 | D:5      | Entered Level 5 of the Dungeon
  1503 | D:5      | Reached skill level 6 in Axes
  1554 | D:5      | Reached XP level 7. HP: 55/61 MP: 6/6
  1924 | D:5      | Reached skill level 7 in Axes
  2025 | D:5      | Reached XP level 8. HP: 63/70 MP: 7/7
  2071 | D:5      | Found a runed translucent gate.
  2071 | D:5      | Found a runed translucent gate.
  2071 | D:5      | Found a runed translucent gate.
  2091 | D:5      | Noticed Flugslaktarn's ghost (amateur MiFi)
  2092 | D:5      | Noticed Insin's ghost (novice DDFi)
  2577 | D:6      | Found a staircase to the Ecumenical Temple.
  2631 | Temple   | Entered the Ecumenical Temple
  2703 | Temple   | Became a worshipper of Makhleb the Destroyer
  3016 | D:7      | Reached skill level 8 in Axes
  3028 | D:7      | Noticed a hornet
  3038 | D:7      | Gained mutation: You expend magic power (3 MP) to
                  | strengthen your wands. [potion of mutation]
  3038 | D:7      | Gained mutation: You are agile. (Dex +2) [potion of
                  | mutation]
  3038 | D:7      | Gained mutation: You have sharp toenails. [potion of
                  | mutation]
  3038 | D:7      | Slain by a hornet

Illustrated notes

Levels and vault maps discovered:
D:1:      lemuel_arrival_funnel, layout_loops_ring
D:2:      layout_rooms, first_ration, uniq_sigmund, uniq_terence
D:3:      layout_basic, gammafunk_temple_overflow_claw, cheibriados_altar_1,
          uniq_ijyb
D:4:      layout_rooms
D:5:      layout_cave_pools, gammafunk_ghost_cemetery
D:6:      layout_rooms, minmay_temple_entry_arrows
D:7:      layout_gridville, elyvilon_altar_3
Temple:   regret_index_temple_mists

Skill      XL: |  1  2  3  4  5  6  7  8 |
---------------+-------------------------+-----
Axes           | 3 4 5 6 7 8 |  8.0
Fighting       | 4 5 6 |  6.5
Armour         | 4 5 6 |  6.4
Shields        | 4 5 6 |  6.4
Invocations    | |  0.8

Action                   |  1- 3 |  4- 6 |  7- 9 || total
-------------------------+-------+-------+-------++-------
Melee: War axe           |    55 |    86 |    39 ||   180
       Headbutt          |     5 |    17 |    24 ||    46
       Hand axe          |       |       |    89 ||    89
  Use: Potion            |       |       |     1 ||     1
  Eat: Chunk             |       |     2 |     5 ||     7
Armor: Scale mail        |    38 |     7 |       ||    45
       Chain mail        |       |    46 |    66 ||   112
Dodge: Dodged            |    18 |    19 |    32 ||    69
Block: Kite shield       |    50 |    55 |    77 ||   182

Table legend:
 A = Non-vault XP
 B = Vault XP
 C = Vault XP percentage of total XP
 D = Non-vault monster count
 E = Vault monster count
 F = Vault count percentage of total count
                 A         B        C        D         E       F
            +---------+---------+-------+---------+---------+-------
      Total |    1871 |       0 |   0.0 |      99 |       0 |   0.0
            +---------+---------+-------+---------+---------+-------
        D:1 |      22 |       0 |   0.0 |       8 |       0 |   0.0
        D:2 |      56 |       0 |   0.0 |       9 |       0 |   0.0
        D:3 |      61 |       0 |   0.0 |       8 |       0 |   0.0
        D:4 |     469 |       0 |   0.0 |      26 |       0 |   0.0
        D:5 |     874 |       0 |   0.0 |      36 |       0 |   0.0
        D:6 |     276 |       0 |   0.0 |      10 |       0 |   0.0
        D:7 |     113 |       0 |   0.0 |       2 |       0 |   0.0
            +---------+---------+-------+---------+---------+-------
